[Event "*** Titled Tuesday Blitz"]
[Site "Chess.com"]
[Date "2019.09.03"]
[Round "1"]
[White "2nd_life"]
[Black "13MiRacLe"]
[Result "1-0"]
[WhiteElo "2382"]
[BlackElo "2713"]
[TimeControl "180+2"]
[EndTime "15:09:31 PDT"]
[Termination "2nd_life won on time"]

1. e4 e5 2. f4 exf4 3. Nf3 d6 4. Nc3 h6 5. d4 g5 6. g3 g4 7. Nh4 f3 8. Be3 Be7 9. Qd2 Nc6 10. O-O-O Bg5 11.
Bb5 Bd7 12. Bxc6 bxc6 13. h3 Bxe3 14. Qxe3 Qg5 15. Kd2 Qxe3+ 16. Kxe3 h5 17. Nf5 Bxf5 18. exf5 Rh6 19. Kf4 Rb8 20. b3 Kf8 21. hxg4 hxg4 22. Kxg4 Rb4 23. Rxh6 Nxh6+ 24. Kg5 Ng8 25. a3 Rb8 26.
Rf1 f6+ 27. Kf4 Ne7 28. Rxf3 Kf7 29. g4 Rh8 30. Ne4 Rh1 31. Rf2 Rg1 32. Nd2 Nd5+ 33.
Kf3 Rc1 34. c4 Ne7 35. Rh2 Kg8 36. Ke2 Rg1 37. Ne4 Kg7 38. g5 Nxf5 39. gxf6+ Kg6 40. Kf2 Rg4 41. Kf3 Rg1 42. d5 cxd5 43. cxd5 Rf1+ 44. Ke2 Rg1 45. Kf2 Rg4 46. Kf3 Rg1 47. b4 Rf1+ 48. Ke2 Rg1 49. Kf2 Ra1 50. Rg2+ Kf7 51. Rg5 1-0

[Event "*** Titled Tuesday Blitz"]
[Site "Chess.com"]
[Date "2019.09.03"]
[Round "1"]
[White "IMRosen"]
[Black "aa175"]
[Result "0-1"]
[WhiteElo "2604"]
[BlackElo "2273"]
[TimeControl "180+2"]
[EndTime "15:09:35 PDT"]
[Termination "aa175 won on time"]

1. e4 c5 2. Nc3 d6 3. d4 cxd4 4. Qxd4 a6 5. b3 Nc6 6. Qd2 Nf6 7. Bb2 g6 8. O-O-O Bg7 9. f3 Bd7 10. g4 Qa5 11. Kb1 Rc8 12. h4 Ne5 13. Be2 b5 14.
Nd5 Qxd2 15. Nxf6+ Bxf6 16. Rxd2 O-O 17. h5 Bg5 18.
Rd1 Bc6 19. Nh3 Be3 20. f4 Bxe4 21. fxe5 Bxc2+ 22. Ka1 Bxd1 23. Bxd1 dxe5 24. Bxe5 Rc1+ 25. Kb2 Rd8 26. Bf3 Rxh1 27. Bxh1 Rd2+ 28. Kc3 Rxa2 29.
Nf4 Bd2+ 30. Kd3 Be1 31. Bb7 f6 32. Bc7 e5 33. Bd5+ Kh8 34. Bd8 Rd2+ 35. Ke4 Rd4+ 36. Ke3 Rxf4 37. h6 Bf2+ 38. Ke2 Bc5 39. g5 fxg5 40.
Bxg5 Rf5 41. Bd8 Bf8 42. Kd3 Bxh6 43. Ke4 Kg7 44. Bc7 Rf1 45. Bxe5+ Kf8 46. Bd6+ Ke8 47.
Bb7 Kd7 48. Bc5 Rc1 49. b4 a5 50. Ba6 Kc6 51. Bd4 axb4 0-1

[Event "*** Titled Tuesday Blitz"]
[Site "Chess.com"]
[Date "2019.09.03"]
[Round "1"]
[White "Bladel"]
[Black "HanSchut"]
[Result "1-0"]
[WhiteElo "2598"]
[BlackElo "2219"]
[TimeControl "180+2"]
[EndTime "15:09:42 PDT"]
[Termination "Bladel won by resignation"]

1. e4 c5 2. Nf3 d6 3. d4 cxd4 4.
Nxd4 Nf6 5. Nc3 a6 6. Bd3 g6 7.
f3 Bg7 8. Be3 O-O 9. Qd2 Bd7 10.
O-O-O Nc6 11. Kb1 b5 12. Nxc6 Bxc6 13. h4 b4 14. Ne2 Qc7 15. g4 d5 16. exd5 Nxd5 17.
Bh6 Nc3+ 18. Nxc3 bxc3 19. Qe3 Qb7 20. b3 Bxh6 21. Qxh6 Qb4 22. h5 Qa3 23. Qc1 Qxc1+ 24. Rxc1 Bxf3 25. Rhg1 g5 26. Rce1 Ra7 27. h6 f6 28. Re3 Bd5 29. Rge1 e5 30. Bf5 Rc7 31. a4 Bf7 32. Rd3 Bg6 33. Be6+ Bf7 34. Bf5 Bg6 35.
Rf1 Bxf5 36. Rxf5 Kf7 37. Rd6 Kg6 38. Rxe5 Kxh6 39. Rxa6 Kg6 40. Re1 h5 41. gxh5+ Kxh5 42. Rh1+ Kg6 43. b4 g4 44. b5 Kg5 45. b6 Rb8 46.
Ra5+ f5 47. Rb5 Rf7 48. a5 g3 49. a6 Kg4 50. b7 f4 51. Ka2 g2 52. Rh6 f3 53. a7 Rff8 54. Rg6+ Kf4 55. axb8=Q+ Rxb8 56. Rb1 Ke3 57. Ka3 Kf2 58. Ka4 Rxb7 59. Rxb7 g1=Q 60. Rxg1 Kxg1 61. Rf7 f2 62. Kb3 f1=Q 63. Rxf1+ Kxf1 64. Kxc3 Ke2 65. Kd4 Kd2 1-0

[Event "*** Titled Tuesday Blitz"]
[Site "Chess.com"]
[Date "2019.09.03"]
[Round "1"]
[White "leschebaza"]
[Black "harvsp123"]
[Result "0-1"]
[WhiteElo "2069"]
[BlackElo "2554"]
[TimeControl "180+2"]
[EndTime "15:09:44 PDT"]
[Termination "harvsp123 won by resignation"]

1. e4 c5 2. Nf3 d6 3. d4 cxd4 4. Nxd4 Nf6 5. Nc3 a6 6. h3 e5 7. Nde2 h5 8. g3 Nbd7 9. Bg2 b5 10. a3 Bb7 11. O-O Be7 12. Be3 Rc8 13. Qd2 Nc5 14.
Bxc5 Rxc5 15. Nc1 Qa8 16. Re1 Rc4 17. Qd3 Qb8 18. Nb3 Bd8 19. Rad1 Bc7 20. Qe2 O-O 21. Nd2 Rd4 22. Nb3 Rxd1 23. Rxd1 Bb6 24. Nd2 Rc8 25.
Nf1 Bd4 26. Rd3 g6 27. g4 hxg4 28. hxg4 Kg7 29. Ng3 Qc7 30. g5 Nd7 31. Qf3 Rh8 32. Qg4 Qd8 33. Rf3 Qe7 34. Rd3 Nc5 35. Rf3 Ne6 36.
Rd3 Qxg5 37. Qxg5 Nxg5 38. b3 Ne6 39. Nd5 Bxd5 40. exd5 Nf4 41. Rd1 f5 42. Rc1 Rc8 43. Kf1 Bb2 44. Rd1 Rxc2 45. Bf3 Bd4 46. Nh1 Rc3 47. Be2 Rxb3 48. Rc1 Rc3 49. Rxc3 Bxc3 50. a4 bxa4 51. Bxa6 a3 52. Bc4 e4 53. Ng3 Kf6 54. Ne2 Nxe2 55. Kxe2 f4 56. Ba2 Ke5 57. f3 g5 58.
fxe4 Kxe4 59. Kf2 g4 60. Kg2 Be5 61. Kf2 f3 62. Kf1 g3 63. Kg1 Bd4+ 64. Kf1 g2+ 0-1

[Event "*** Titled Tuesday Blitz"]
[Site "Chess.com"]
[Date "2019.09.03"]
[Round "1"]
[White "abubakrtagelsir"]
[Black "Sutormin_DA"]
[Result "0-1"]
[WhiteElo "2255"]
[BlackElo "2614"]
[TimeControl "180+2"]
[EndTime "15:09:52 PDT"]
[Termination "Sutormin_DA won by resignation"]

1. e4 c5 2. Nc3 e6 3. g3 Nc6 4. Bg2 g6 5. Nf3 Bg7 6. O-O Nge7 7. d4 cxd4 8. Nb5 O-O 9. Nbxd4 a6 10. c3 b6 11. Bg5 Qc7 12. Bf4 e5 13. Nxc6 dxc6 14.
Be3 Be6 15. Ng5 Bc4 16. Re1 Rad8 17. Qc1 h6 18. Nf3 Kh7 19. b3 Bd3 20. Qa3 a5 21. Nd2 c5 22. h4 f5 23. h5 f4 24. hxg6+ Nxg6 25. Nf3 fxe3 26. Rxe3 Qc6 27. Rd1 Ba6 28. Qc1 Qc7 29. Bh3 Rxd1+ 30. Qxd1 Rd8 31. Qc2 Qd6 32. Bf5 Qd1+ 33. Qxd1 Rxd1+ 34. Kh2 Bf6 35. Nh4 Bxh4 36. gxh4 h5 37. Rg3 Rd6 38. Rg5 Kh6 39. Kg3 Be2 40.
f3 Nf4 41. Kf2 Rd3 42. Bc8 Rxf3+ 43. Ke1 Rxc3 44. Rxe5 Nd3+ 45. Kd2 Nxe5 46. Kxc3 Nf3 47. Bd7 Nxh4 48. e5 Kg5 49. Kd2 Bg4 50. Be8 Nf3+ 0-1

[Event "*** Titled Tuesday Blitz"]
[Site "Chess.com"]
[Date "2019.09.03"]
[Round "1"]
[White "DanielNaroditsky"]
[Black "BASSU1"]
[Result "0-1"]
[WhiteElo "2997"]
[BlackElo "2523"]
[TimeControl "180+2"]
[EndTime "15:09:59 PDT"]
[Termination "BASSU1 won by resignation"]

1. d4 d5 2. Nc3 e6 3. Bf4 Bd6 4.
e3 Nf6 5. Nf3 O-O 6. Bd3 Re8 7.
Ne5 a6 8. O-O c5 9. dxc5 Bxc5 10. Qf3 Nc6 11. Rad1 Bd6 12. Nxc6 bxc6 13. Bxd6 Qxd6 14.
e4 Bb7 15. Rfe1 e5 16. Qg3 d4 17. Nb1 Nh5 18. Qf3 Nf4 19. Nd2 c5 20. Nc4 Qc7 21.
Kh1 Re6 22. g3 Nxd3 23. cxd3 Rf8 24. Qg2 f5 25. f3 a5 26. b3 Ref6 27. Rf1 a4 28. bxa4 Ba6 29. exf5 Bxc4 30. dxc4 Rxf5 31. Qe2 Qc6 32. Kg2 Qxa4 33. Rde1 h6 34. g4 R5f6 35. Qxe5 Qxa2+ 36. Qe2 Ra8 37. Rf2 Qxe2 38. Rfxe2 Ra4 39. Rc1 Ra3 40. Rf2 Re3 41. h3 Ra6 42. Rb2 Raa3 43.
Rf2 Rac3 44. Rfc2 Rxf3 45. Rxc3 Rxc3 46. Re1 Rc2+ 47. Kf3 Rxc4 48. Re8+ Kf7 49. Rd8 Rc3+ 50. Kf4 Rxh3 51. Rd5 Rc3 52. Rd7+ Kg6 53. Rd6+ Kh7 54. Rd7 d3 55. g5 hxg5+ 56. Kxg5 c4 57. Kf4 Rc2 58.
Rd4 d2 59. Kf5 c3 60. Ke6 Rc1 61. Kf7 Rf1+ 0-1

[Event "*** Titled Tuesday Blitz"]
[Site "Chess.com"]
[Date "2019.09.03"]
[Round "1"]
[White "ckgchess"]
[Black "bourideu"]
[Result "1-0"]
[WhiteElo "2748"]
[BlackElo "2385"]
[TimeControl "180+2"]
[EndTime "15:10:00 PDT"]
[Termination "ckgchess won by resignation"]

1. e4 c5 2. Nf3 d6 3. Bb5+ Nd7 4. d4 cxd4 5. Qxd4 a6 6. Bxd7+ Bxd7 7. c4 e5 8. Qd3 b5 9. Nc3 bxc4 10. Qxc4 Nf6 11. Bg5 Be6 12. Qc6+ Bd7 13. Qc4 Be6 14. Qd3 Be7 15.
Bxf6 Bxf6 16. O-O O-O 17. Rfd1 Rb8 18. b3 Qa5 19. Nd5 Bxd5 20. Qxd5 Qxd5 21. Rxd5 Be7 22. Rc1 Rfc8 23. Rdd1 g6 24. Nd2 f5 25. f3 Kf7 26.
Kf1 Ke6 27. Ke2 d5 28. exd5+ Kxd5 29. Nc4+ Ke6 30. Rd3 Rc6 31. Re3 Rb5 32. Nxe5 Rxc1 33. Nd3+ Kf7 34. Nxc1 Bg5 35. Rc3 Re5+ 36. Kd1 Bxc1 37.
Rxc1 Ra5 38. a4 h5 39. Rc6 h4 40. Kd2 g5 41. h3 Rd5+ 42. Ke3 Re5+ 43. Kf2 a5 44. f4 gxf4 45. Ra6 Rc5 46. Kf3 Rc3+ 47.
Kxf4 Rxb3 48. Rxa5 Rg3 49. Kxf5 Rxg2 50. Ra7+ Ke8 51.
Rh7 Rf2+ 52. Ke5 Re2+ 53. Kd5 Rd2+ 54. Kc5 Rc2+ 55. Kb5 Rb2+ 56. Ka5 Rb3 57. Rxh4 Kf7 58. Ka6 Kg6 59. a5 Kg5 60. Rh8 Kf6 61. Ka7 Ke5 62. a6 Kd6 63. h4 Kc7 64. h5 Ra3 65. h6 Rh3 66. h7 Ra3 67. Rc8+ 1-0

[Event "*** Titled Tuesday Blitz"]
[Site "Chess.com"]
[Date "2019.09.03"]
[Round "1"]
[White "riconaipe"]
[Black "Orest_Vovk"]
[Result "1/2-1/2"]
[WhiteElo "2575"]
[BlackElo "2201"]
[TimeControl "180+2"]
[EndTime "15:10:00 PDT"]
[Termination "Game drawn - insufficient material"]

1. d4 d5 2. c4 c6 3. Nf3 Nf6 4. e3 Bg4 5. Nc3 e6 6. Qb3 Qb6 7. Ne5 Bf5 8. c5 Qxb3 9. axb3 Nbd7 10. Nxd7 Kxd7 11. b4 Be7 12. b5 Ne4 13. f3 Nxc3 14. bxc3 e5 15. g4 Bc2 16. Kd2 Bb3 17. Ra3 Bc4 18.
Bxc4 dxc4 19. bxc6+ Kxc6 20. Ra4 exd4 21. cxd4 Kb5 22.
Ra1 b6 23. Ba3 bxc5 24. Rhb1+ Kc6 25. Bxc5 Bxc5 26. dxc5 Rhd8+ 27. Kc3 Kxc5 28. Ra5+ Kd6 29. Rb7 Rd7 30. Ra6+ Ke7 31. Rxd7+ Kxd7 32. Kxc4 Rc8+ 33. Kd5 Rc7 34. e4 Ke7 35. e5 Rd7+ 36. Ke4 Rb7 37. f4 Rb4+ 38. Ke3 Rb3+ 39. Ke4 Rb4+ 40. Kf5 g6+ 41. Kg5 h6+ 42. Kxh6 Rxf4 43. Kg5 Rf2 44. h4 Rf1 45. e6 f5 46. Rxa7+ Kxe6 47. Ra6+ Ke5 48.
Rxg6 Rg1 49. Kh5 fxg4 50. Kh6 g3 51. h5 Kf4 52. Kg7 Rh1 53. h6 Kf3 54. Rf6+ Ke2 55. Re6+ Kf2 56. Rf6+ Ke2 57. Rg6 Kf2 58. h7 Rxh7+ 59.
Kxh7 g2 60. Rf6+ Ke2 61. Re6+ Kf2 62. Rf6+ Kg3 63. Kh6 g1=Q 64. Rg6+ Kf2 65. Rxg1 Kxg1 1/2-1/2

[Event "*** Titled Tuesday Blitz"]
[Site "Chess.com"]
[Date "2019.09.03"]
[Round "1"]
[White "VladimirBelous"]
[Black "AllStarShark"]
[Result "1-0"]
[WhiteElo "2723"]
[BlackElo "2360"]
[TimeControl "180+2"]
[EndTime "15:10:18 PDT"]
[Termination "VladimirBelous won by resignation"]

1. c4 e6 2. Nf3 d5 3. g3 Nf6 4.
Bg2 Be7 5. O-O O-O 6. b3 b6 7.
Bb2 Bb7 8. e3 c5 9. Nc3 Ne4 10.
Nxe4 dxe4 11. Ne1 Nd7 12. d3 Bf6 13. Bxf6 Nxf6 14. Qb1 Qd7 15. dxe4 Rfd8 16. e5 Ng4 17. Nf3 Rac8 18. Ng5 g6 19. Ne4 Bxe4 20. Qxe4 h5 21. Bf3 Qd3 22. Qf4 Qf5 23. Qxf5 gxf5 24. Bxg4 hxg4 25.
Rad1 Kg7 26. Kg2 f6 27. exf6+ Kxf6 28. h3 gxh3+ 29. Kxh3 Kg5 30. Kg2 e5 31. Rh1 e4 32.
Rxd8 Rxd8 33. Rh7 a5 34. Rg7+ Kf6 35. Rb7 Rd6 36. Kh3 Kg5 37. Rb8 Rh6+ 38. Kg2 Rd6 39. Rg8+ Kf6 40. g4 fxg4 41. Rxg4 Kf5 42. Rh4 Rd2 43.
Rh5+ Kg4 44. Re5 Rxa2 45. Rxe4+ Kf5 46. Rf4+ Ke5 47. Kf3 Rb2 48. Re4+ Kd6 49. Rf4 Ke5 50. Rh4 Rxb3 51. Rh5+ Ke6 52. Ke4 a4 53. f4 a3 54.
Rh6+ Kd7 55. Rh1 Rc3 56. f5 Rxc4+ 57. Kd5 Rc3 58. e4 Rd3+ 59. Ke5 b5 60. f6 b4 61.
Rf1 Ke8 62. Ke6 a2 63. f7+ Kf8 64. Rg1 Rd6+ 65. Kxd6 Kxf7 66. e5 b3 67. e6+ Kf6 68.
Rf1+ Kg5 69. e7 b2 70. e8=Q b1=Q 71. Qe3+ Kg4 72. Qg1+ Kh5 73. Rxb1 1-0

[Event "*** Titled Tuesday Blitz"]
[Site "Chess.com"]
[Date "2019.09.03"]
[Round "1"]
[White "tonyq11"]
[Black "Potosino1970"]
[Result "1/2-1/2"]
[WhiteElo "2199"]
[BlackElo "2570"]
[TimeControl "180+2"]
[EndTime "15:10:24 PDT"]
[Termination "Game drawn by agreement"]

1. d4 Nf6 2. c4 e6 3. Nc3 Bb4 4. f3 d5 5. a3 Be7 6. e4 dxe4 7.
fxe4 e5 8. d5 Bc5 9. Nf3 Bg4 10.
Qd3 Nbd7 11. Be3 Bxf3 12. gxf3 O-O 13. Be2 a5 14. O-O-O Nh5 15. Rdg1 Bxe3+ 16. Qxe3 Nf4 17. Rg4 c6 18. Rhg1 g6 19. h4 Qe7 20. R1g3 Rac8 21. Kb1 Qf6 22. Rg5 Kh8 23. Bd1 Rfd8 24. Bc2 cxd5 25. Nxd5 Nxd5 26. exd5 Rxc4 27. h5 Rdc8 28. Rg2 e4 29. hxg6 hxg6 30. Rxg6 fxg6 31. Qh6+ Kg8 32.
Rxg6+ Qxg6 33. Qxg6+ Kf8 34. Bxe4 Rd4 35. Qd6+ Ke8 36.
Bg6+ Kd8 37. Bf5 Rd1+ 38. Ka2 Rc7 39. Bxd7 Rxd7 40. Qb6+ Kc8 41. Qc5+ Kb8 42. Qf8+ Ka7 43. Qc5+ b6 44. Qc3 R1xd5 45. f4 Rc5 46. Qe3 Rdc7 47.
f5 Rxf5 48. Qe4 Rfc5 49. Qe3 a4 50. Qe4 Rc4 51. Qe3 Ka6 52. Qd3 b5 53. Qd6+ R4c6 54. Qd3 Rf6 55. Qd8 Rcf7 56. Qa8+ Kb6 57. Qb8+ Kc5 58.
Qc8+ Kd5 59. Qd8+ Rd6 60. Qa8+ Kc5 61. Qc8+ Rc6 62. Qh8 Rff6 63. Qd8 Kc4 64. Qd2 Rcd6 65. Qe2+ Kc5 66. Qe3+ Kc6 67. Qe4+ Kb6 68. Qe3+ Ka6 69. Qe8 Rc6 70. Qa8+ Kb6 71. Qb8+ Kc5 72. Qe5+ Kb6 73. Qb8+ 1/2-1/2

[Event "*** Titled Tuesday Blitz"]
[Site "Chess.com"]
[Date "2019.09.03"]
[Round "1"]
[White "Kazmin_Dmitrij"]
[Black "beatles_22"]
[Result "0-1"]
[WhiteElo "2312"]
[BlackElo "2672"]
[TimeControl "180+2"]
[EndTime "15:10:27 PDT"]
[Termination "beatles_22 won by resignation"]

1. e4 e5 2. Nf3 Nc6 3. Bc4 Nf6 4. d3 Be7 5. O-O O-O 6. Bb3 d6 7. c3 h6 8. Nbd2 Nh7 9. Re1 Kh8 10. d4 Ng5 11. Nxg5 Bxg5 12. Nf3 Bxc1 13. Qxc1 Qf6 14. Qe3 Bg4 15. d5 Ne7 16. Bd1 Ng6 17. Nd2 Bxd1 18.
Raxd1 Qh4 19. Qg3 Qe7 20. Nc4 Kh7 21. Ne3 Nf4 22. Nf5 Qf6 23. Re3 g6 24. Nh4 c6 25.
dxc6 bxc6 26. Nf3 Rab8 27. b3 Rfe8 28. c4 Rbd8 29. h3 d5 30. exd5 cxd5 31. cxd5 e4 32. Ne1 Nxd5 33. Re2 Nc3 34. Rdd2 Nxe2+ 35. Rxe2 Rd1 36.
Kh2 Qe5 37. Qxe5 Rxe5 38. Nf3 Re7 39. Nd2 f5 40. Nc4 h5 41. h4 Red7 42. Kg3 Rh1 43. Rc2 Rd3+ 44. Kf4 Rxh4+ 45. Kg5 Rg4+ 46. Kf6 Rxg2 47.
Ne5 Rd6+ 48. Ke7 Rb6 49. Rc7 h4 50. Nd7 Kh6 51. Rxa7 h3 52. Nxb6 h2 53. Ra8 Kg7 54. Ke6 h1=Q 55. Nd5 Qc1 56. Ra7+ Kh6 57. Ne7 Kg5 58.
Kf7 Rxf2 59. Ra6 e3 60. Rxg6+ Kf4 61. Nd5+ Ke4 62. Nf6+ Kf3 63. Rg5 f4 64. Rf5 e2 65. Nd5 e1=Q 66. Rxf4+ Qxf4+ 67. Nxf4 Kxf4 0-1

[Event "*** Titled Tuesday Blitz"]
[Site "Chess.com"]
[Date "2019.09.03"]
[Round "1"]
[White "guillembaches"]
[Black "Joshukid"]
[Result "1/2-1/2"]
[WhiteElo "2306"]
[BlackElo "2634"]
[TimeControl "180+2"]
[EndTime "15:10:29 PDT"]
[Termination "Game drawn by agreement"]

1. e4 c6 2. Nc3 d5 3. Nf3 dxe4 4. Nxe4 Nf6 5. Nxf6+ exf6 6. Bc4 Bd6 7. Qe2+ Qe7 8. Qxe7+ Kxe7 9. O-O Be6 10. Re1 Re8 11.
d4 Kf8 12. Bd3 Na6 13. c3 Nc7 14. Bd2 b5 15. a4 a6 16. axb5 axb5 17. Rxa8 Rxa8 18.
Bxh7 g6 19. Bh6+ Ke7 20. Bg7 Ne8 21. Bh8 Nc7 22. Bg7 b4 23. c4 Ne8 24. Bh6 Kd7 25. Nd2 f5 26. Bg5 b3 27. Nxb3 Bxc4 28. Nc5+ Bxc5 29. dxc5 Be6 30. h4 Nc7 31. Bf4 Rh8 32. Bxc7 Rxh7 33. Bg3 f4 34. Bxf4 Rxh4 35. g3 Rh5 36. f3 Bd5 37. Re3 Be6 38. Kg2 Rxc5 39. Rc3 Rb5 40. Rd3+ Bd5 41. Be5 Ke6 42. Bc3 f5 43.
Re3+ Kd7 44. Kf2 Rb8 45. Re1 Ra8 46. Rh1 Re8 47. Rh7+ Kd6 48. Rg7 Re6 49. f4 Kc5 50.
Be5 Kc4 51. Ke3 Be4 52. Rd7 c5 53. Rd6 Rxd6 54. Bxd6 Kd5 55. Be5 Kc4 56. Bc3 Kb3 57.
Kf2 Kc2 58. Be5 Kd3 59. Bf6 c4 60. Bc3 Bb7 61. Bf6 Ke4 62. Bc3 Kd5 63. Bf6 Ke6 64. Bc3 Kf7 65. Bd2 Kg7 66. Bc3+ Kh6 67. Bd2 Kh5 68.
Bc3 g5 69. fxg5 Kxg5 70. Bd2+ Kg4 71. Bc3 f4 72. gxf4 Kxf4 73. Ke1 Ke4 74. Kd2 Kd5 75.
Bg7 Kc5 76. Kc3 Kb5 77. Bd4 Bd5 78. Be3 Bf7 79. Bd2 Kc6 80. Kd4 Kb5 81. Bc3 Ka4 82.
Ke5 Kb3 83. Kd4 Bg8 84. Ke5 1/2-1/2

[Event "*** Titled Tuesday Blitz"]
[Site "Chess.com"]
[Date "2019.09.03"]
[Round "1"]
[White "FairChess_on_YouTube"]
[Black "pedromartinez91"]
[Result "0-1"]
[WhiteElo "2983"]
[BlackElo "2521"]
[TimeControl "180+2"]
[EndTime "15:10:36 PDT"]
[Termination "pedromartinez91 won by resignation"]

1. e4 e6 2. d4 d5 3. Nc3 dxe4 4. Nxe4 Nd7 5. Nf3 Ngf6 6. Nxf6+ Nxf6 7. g3 b6 8. Bb5+ Bd7 9. Be2 c5 10. Ne5 cxd4 11. Qxd4 Bc5 12. Qh4 Qc7 13. Nxd7 Nxd7 14. Bf4 Bb4+ 15. Kd1 Bd6 16. Bxd6 Qxd6+ 17. Kc1 Rc8 18.
Qa4 O-O 19. Rd1 Qe5 20. Qxd7 Qxe2 21. Qd2 Qh5 22. h4 Rc5 23. c3 h6 24. Qc2 b5 25. a3 a5 26. Rd4 Rfc8 27. Qd1 Qxd1+ 28. Kxd1 e5 29. Rd7 f5 30. Ke2 b4 31. axb4 axb4 32.
Raa7 bxc3 33. Rxg7+ Kh8 34. bxc3 Rxc3 35. Rh7+ Kg8 36.
Rhg7+ Kh8 37. Rh7+ Kg8 38. Rxh6 f4 39. Rg6+ Kh8 40. Rh6+ Kg8 41. Rg6+ Kh8 42. Rg5 f3+ 43. Kd2 e4 44. Rh5+ Kg8 45. Rg5+ Kh8 46. Rd7 Ra3 47. Rd6 Kh7 48. Rd7+ Kh8 49. Re5 Ra2+ 50. Ke3 Re2+ 51. Kf4 Rxf2 52. Rxe4 Rf1 53. Rf7 f2 54. Kf3 Re1 55. Kxf2 Rxe4 56. Kf3 Ra4 57. Rb7 Rc3+ 58. Kg2 Rg4 59. Kh2 Rgxg3 60. Rb4 Rgd3 61. Rb2 Rh3+ 62. Kg2 Rxh4 63. Rb8+ Kg7 64. Rb7+ Kf6 65. Rb6+ Ke5 66. Rb5+ Kd6 67. Rb6+ Kc5 68. Rb8 Rb4 69. Rd8 Rb2+ 0-1

[Event "*** Titled Tuesday Blitz"]
[Site "Chess.com"]
[Date "2019.09.03"]
[Round "1"]
[White "r31415"]
[Black "Arystanner"]
[Result "1-0"]
[WhiteElo "2362"]
[BlackElo "2687"]
[TimeControl "180+2"]
[EndTime "15:10:36 PDT"]
[Termination "r31415 won by checkmate"]

1. e4 e6 2. d4 d5 3. Nc3 Nf6 4. e5 Nfd7 5. f4 c5 6. Nf3 Nc6 7. Be3 Be7 8. dxc5 Bxc5 9. Bxc5 Nxc5 10. Qd2 a6 11. O-O-O b5 12. Kb1 b4 13. Ne2 Qb6 14. Ned4 Ne4 15. Qe1 Nxd4 16. Rxd4 a5 17. Bd3 Bb7 18.
Qe3 O-O 19. Rxe4 Qc7 20. Rd4 h6 21. g4 Rfc8 22. g5 h5 23. g6 fxg6 24. Bxg6 a4 25. Ng5 b3 26. a3 bxc2+ 27. Kc1 Qb6 28. Qh3 Ra6 29. Rb4 Qf2 30. Qf3 Qxf3 31. Nxf3 Ba8 32. Rd4 Kf8 33. Re1 Ke7 34. Re3 Rb6 35. Rc3 Rxc3 36.
bxc3 Rb3 37. Rxa4 Rxc3 38. Ra7+ Kd8 39. Rxa8+ Kd7 40. Nd4 Rc4 41. Ra7+ Kc8 42. Nxe6 d4 43. Bf5 Kb8 44. Rd7 d3 45. Bxd3 Rc3 46. Bxc2 Rxa3 47. Rxg7 h4 48. Nc5 h3 49. Rg3 Ra5 50.
Nb3 Ra4 51. Rxh3 Rxf4 52. Re3 Kc7 53. e6 Rf1+ 54. Kb2 Rf8 55. Nd4 Kd6 56. Ba4 Rb8+ 57. Kc3 Rb7 58. e7 Rc7+ 59. Kd3 Kd5 60. Bb3+ Kd6 61.
e8=Q Rc3+ 62. Kxc3 Kc5 63. Qc6# 1-0

[Event "*** Titled Tuesday Blitz"]
[Site "Chess.com"]
[Date "2019.09.03"]
[Round "1"]
[White "NormWeinstein"]
[Black "DeviatkinAndrey"]
[Result "1/2-1/2"]
[WhiteElo "2379"]
[BlackElo "2707"]
[TimeControl "180+2"]
[EndTime "15:10:41 PDT"]
[Termination "Game drawn - insufficient material"]

1. e4 c6 2. d4 d5 3. exd5 cxd5 4.
c4 Nf6 5. Nc3 g6 6. cxd5 Nxd5 7.
Bc4 Nb6 8. Bb3 Bg7 9. Nf3 O-O 10. O-O Bg4 11. Be3 Nc6 12. h3 Bxf3 13. Qxf3 Nxd4 14. Qxb7 e5 15. Rad1 Qc8 16. Qxc8 Rfxc8 17. Bxd4 exd4 18.
Nb5 Rd8 19. Rd3 a6 20. Na3 Nd7 21. Rd2 Nc5 22. Bc4 Rd6 23. Rfd1 Rad8 24. Bd3 h5 25. Kf1 h4 26. Nc4 Rc6 27. b3 Re6 28. Re2 Rde8 29.
Rxe6 Rxe6 30. Nb2 Kf8 31. Rc1 Re5 32. Rc4 Rd5 33. Rb4 Nxd3 34. Nxd3 a5 35. Rb7 Rd8 36. Rc7 a4 37. b4 Rb8 38. a3 Bf6 39. Ke2 Kg7 40. Nc5 Re8+ 41. Kd2 Bg5+ 42. Kd3 Bc1 43. Nxa4 Bxa3 44. b5 Rb8 45. b6 Bd6 46. Rd7 Bh2 47. b7 Kf6 48. Nc5 Re8 49. Ne4+ Kg7 50. Nd6 Rb8 51. Nxf7 Kf6 52. Nd8 g5 53. Nc6 Re8 54. Rd8 Re1 55. b8=Q Bxb8 56. Rxb8 Rg1 57. Nxd4 Rxg2 58.
Rb5 Rh2 59. Rf5+ Kg6 60. Rf3 g4 61. hxg4 Kg5 62. Ke4 Kxg4 63. Rf4+ Kh5 64. Nf5 h3 65.
Kf3 Kg5 66. Ne3 Rxf2+ 67. Kxf2 Kxf4 68. Nf1 h2 69. Nxh2 1/2-1/2

[Event "*** Titled Tuesday Blitz"]
[Site "Chess.com"]
[Date "2019.09.03"]
[Round "1"]
[White "SirMittensofMittensville"]
[Black "Shant_Sargsyan"]
[Result "1-0"]
[WhiteElo "2523"]
[BlackElo "2982"]
[TimeControl "180+2"]
[EndTime "15:10:42 PDT"]
[Termination "SirMittensofMittensville won by resignation"]

1. e4 e5 2. Nf3 Nc6 3. Bc4 Nf6 4. d3 h6 5. O-O d6 6. Re1 g5 7. a4 Bg7 8. a5 a6 9. Nc3 O-O 10. Nd2 Bg4 11. f3 Be6 12. Nf1 d5 13. Bb3 Nd4 14.
Ba2 Qd7 15. Ng3 Rad8 16. Be3 c6 17. Na4 dxe4 18. Nc5 Qe7 19. Nxe6 Nxe6 20. fxe4 Nf4 21. Nf5 Qd7 22. Qf3 Kh7 23. g3 Ne6 24. Rf1 Bh8 25. Kh1 Rg8 26. Bc4 Rg6 27. Qg2 g4 28. Rf2 Ng5 29. Bxg5 Rxg5 30. Raf1 Rf8 31. b4 Qd8 32. Nh4 h5 33. Rf5 Rxf5 34. Rxf5 Qd4 35. Qf1 Qd6 36. Rg5 Qd7 37. Rf5 Qd6 38. c3 Bg7 39. Ng2 Qe7 40. Nh4 Rd8 41. Qf2 Kh8 42. Rg5 Bh6 43. Nf5 Qf8 44. Nxh6 Qxh6 45. Rf5 Kg7 46.
Kg2 h4 47. gxh4 Nh5 48. Rxf7+ Kh8 49. Qf5 Nf4+ 50. Kg3 Nh5+ 51. Kxg4 Rg8+ 52. Kf3 Ng7 53. Qg5 Qh7 54. Rf6 Ne6 55. Bxe6 Rxg5 56. Rf8+ Kg7 57.
Rf7+ Kg6 58. Rxh7 Rg1 59. Rxb7 Rf1+ 60. Ke3 Rc1 61. Kd2 Rh1 62. Bc4 Rxh2+ 63. Kc1 Rh3 64. Kb2 Rxh4 65. Kb3 Kf6 66. Rb6 Kg5 67. Rxc6 Kf4 68.
Rxa6 1-0

[Event "*** Titled Tuesday Blitz"]
[Site "Chess.com"]
[Date "2019.09.03"]
[Round "1"]
[White "sofaceindisguise"]
[Black "HarryCun"]
[Result "0-1"]
[WhiteElo "2537"]
[BlackElo "2098"]
[TimeControl "180+2"]
[EndTime "15:10:53 PDT"]
[Termination "HarryCun won by resignation"]

1. e4 c6 2. Nc3 d5 3. Nf3 Bg4 4. h3 Bxf3 5. Qxf3 Nf6 6. e5 Nfd7 7. d4 e6 8. Qg3 c5 9. dxc5 Nxc5 10. Be2 Nc6 11. O-O Qc7 12. f4 Nd4 13. Bd1 Nf5 14. Qf2 Nd3 15. Nb5 Qc6 16. cxd3 Qxb5 17. d4 Be7 18. g4 Nxd4 19. Kg2 Nc6 20. f5 d4 21. fxe6 Qd5+ 22. Kg3 Qxe5+ 23. Bf4 Qxe6 24. Bb3 Qf6 25. g5 Qf5 26. Qf3 O-O 27. h4 d3 28. Rae1 Rae8 29.
Bc4 d2 30. Bxd2 Qxf3+ 31. Rxf3 Bd6+ 32. Kg2 Rxe1 33. Bxe1 Ne5 34. Rf4 Nd3 35. Re4 Nxe1+ 36. Rxe1 Rc8 37. b3 g6 38. Rd1 Rd8 39. Rf1 Rd7 40.
Kf3 Kg7 41. Ke4 Bc5 42. a4 b6 43.
Bd5 a5 44. Rf4 Re7+ 45. Kd3 Re3+ 46. Kc4 Re7 47. Kb5 h6 48. gxh6+ Kxh6 49. Bxf7 Be3 50. Rf3 Kh5 51. Rf6 Kxh4 52. Bxg6 Kg5 53. Rc6 Re5+ 54. Ka6 Kf4 55. Bf7 Ke4 56. Rc4+ Kd3 57. Bg6+ Ke2 58.
Rc2+ Kf3 59. Bf7 Ke4 60. Rc6 Kd4 61. Rc4+ Kd3 62. Bg6+ Ke2 63. Be4 Bc5 64. Kb7 Ke3 65. Bh7 Rh5 66. Bg8 Rg5 67. Be6 Re5 68. Bd7 Re7 69. Kc6 Kd3 70. Bf5+ Kd2 71. Rc2+ Ke3 72.
Bh7 Rxh7 73. Rxc5 bxc5 74. Kxc5 Rb7 75. Kc4 Rb4+ 76. Kc3 Ke4 0-1

[Event "*** Titled Tuesday Blitz"]
[Site "Chess.com"]
[Date "2019.09.03"]
[Round "1"]
[White "Morscas"]
[Black "Snegokhod"]
[Result "1-0"]
[WhiteElo "2231"]
[BlackElo "2571"]
[TimeControl "180+2"]
[EndTime "15:11:00 PDT"]
[Termination "Morscas won by checkmate"]

1. e4 c5 2. Nf3 e6 3. b3 Nf6 4. e5 Nd5 5. Bd3 Nc6 6. O-O d6 7. Bb2 b6 8. Be4 dxe5 9. c4 Nde7 10. Nxe5 Bb7 11. Qh5 Nxe5 12. Bxb7 Rb8 13. Be4 Nd7 14.
Nc3 Nf6 15. Qe2 Nxe4 16. Nxe4 Nf5 17. Rad1 Be7 18. Qg4 O-O 19. Ng3 Bf6 20. Bxf6 Qxf6 21. Nxf5 exf5 22. Qf4 Rfd8 23. Qc7 Qd6 24. Qxd6 Rxd6 25.
Rfe1 Kf8 26. Re5 g6 27. Kf1 Rbd8 28. Ke2 Re6 29. Rxe6 fxe6 30. Ke3 e5 31. f4 Ke7 32. fxe5 Rd4 33. Rf1 Ke6 34. Rf4 Rd7 35. d4 g5 36.
d5+ Kxe5 37. Rf1 b5 38. Kd3 bxc4+ 39. bxc4 f4 40. g3 Rf7 41. gxf4+ gxf4 42. Re1+ Kf5 43.
Re6 Kg4 44. Ke2 Rb7 45. d6 Rb2+ 46. Ke1 Rb7 47. Re7 Rb8 48. d7 Rd8 49. Kf2 h5 50. Rf7 a5 51. a4 h4 52. Rh7 Rb8 53. Rg7+ Kf5 54. Re7 Rd8 55. Kf3 h3 56. Rh7 Kg5 57.
Rg7+ Kf5 58. Rf7+ Ke5 59. Rh7 Kd4 60. Kxf4 Kxc4 61. Ke5 Kb3 62. Kd6 c4 63. Rxh3+ Kxa4 64. Kc7 Rg8 65. d8=Q Rxd8 66. Kxd8 Kb4 67. Rh7 c3 68.
Rc7 a4 69. h4 a3 70. h5 a2 71. Rb7+ Ka3 72. h6 c2 73. h7 c1=Q 74. h8=Q Qg5+ 75.
Kc8 Qc5+ 76. Kb8 Qd6+ 77. Ka8 Qd5 78. Qc3+ Ka4 79. Qb4# 1-0